 Dungeon Crawl Stone Soup version 0.21-a0-264-g3e31e41 (webtiles) character file.

177 Atlas the Ruffian (level 5, -5/40 HPs)
             Began as a Draconian Transmuter on Sept 8, 2017.
             Slain by a gnoll
             ... wielding a +0 spear
              (7 damage)
             ... on level 3 of the Dungeon.
             The game lasted 00:03:07 (2202 turns).

Atlas the Ruffian (Draconian Transmuter)            Turns: 2202, Time: 00:03:08

Health: -5/40      AC:  5    Str: 13    XL:     5   Next: 30%
Magic:  6/8        EV: 13    Int: 13    God:
Gold:   128        SH:  0    Dex: 12    Spells: 2/8 levels left

rFire    + . .     SeeInvis .     - Unarmed
rCold    + . .     Gourm    .   (no shield)
rNeg     . . .     Faith    .   (armour unavailable)
rPois    +         Spirit   .   (helmet restricted)
rElec    +         Reflect  .   (no cloak)
rCorr    +         Harm     .   (no gloves)
MR       .....                  (no boots)
Stlth    +.........             (no amulet)
HPRegen  0.13/turn              (no ring)
MPRegen  0.11/turn              (no ring)

@: lethally poisoned (-5 -> -12), resistant
A: unfitting armour, cold-blooded, AC +5
a: no special abilities


You were on level 3 of the Dungeon.
You were hungry.

You visited 1 branch of the dungeon, and saw 3 of its levels.

You collected 128 gold pieces.

Inventory:

Missiles
 a - 69 arrows
 s - 8 steel tomahawks (quivered)
Scrolls
 d - a scroll of blinking {unknown}
 e - 4 scrolls of teleportation {unknown}
 h - 4 scrolls of amnesia {unknown}
 i - 2 scrolls of identify {unknown}
 j - a scroll of magic mapping {unknown}
 l - a scroll of remove curse {unknown}
 m - a scroll of recharging {unknown}
 p - a scroll of fog {unknown}
 t - a scroll of random uselessness {unknown}
Potions
 f - a potion of might
 g - 2 potions of brilliance
Books
 b - a book of Changes

   Spells                             Type                      Level
   a - Beastly Appendage              Transmutation                1
   b - Sticks to Snakes               Transmutation                2
   c - Spider Form                    Transmutation/Poison         3
   d - Ice Form                       Ice/Transmutation            4
   e - Blade Hands                    Transmutation                5
Comestibles
 c - 3 bread rations
 n - a chunk of flesh
 o - 2 royal jellies
 q - 2 meat rations


   Skills:
 - Level 1.1 Fighting
 + Level 3.1 Dodging
 + Level 5.0 Unarmed Combat
 - Level 2.0 Spellcasting
 + Level 2.4 Transmutations
 + Level 0.2 Poison Magic


You had 2 spell levels left.
You knew the following spells:

 Your Spells              Type           Power        Failure   Level  Hunger
a - Beastly Appendage     Tmut           #.....       10%         1    ##.....
b - Sticks to Snakes      Tmut           #.......     14%         2    ###....
c - Spider Form           Tmut/Pois      #.........   41%         3    ####...


Dungeon Overview and Level Annotations

Branches:
Dungeon (3/15)

Altars:
Kikubaaqudgha


Innate Abilities, Weirdness & Mutations

Your plain brown scales are hard. (AC +5)
You cannot fit into any form of body armour.
You are cold-blooded and may be slowed by cold attacks.


Message History

You feel sick. The gnoll closely misses you. The gnoll completely misses you.
It was a potion of cancellation.
Your magical effects are unravelling.
You feel magically purged.
Your transformation has ended.
You feel a little less mighty now.
You feel a little less clever now.
The gnoll hits you from afar with a spear.
* * * LOW HITPOINT WARNING * * *
The gnoll misses you.
It was a potion of resistance.
You feel protected.
* * * LOW HITPOINT WARNING * * *
You feel sick. The gnoll hits you but does no damage.
The gnoll barely misses you.
You completely miss the gnoll.
The gnoll is almost dead.
* * * LOW HITPOINT WARNING * * *
You feel sick.
The gnoll hits you from afar with a spear!
You die...

##..........##..........
#..............#........
#............###........
#......>.....# #........
##..........## #........
##...#....#####........
#####.####..###.......
#.# ##............
#@###..####.......
#g##..## ###.....
#g##.## ###.......
#g.#.####...#..... .
#....##...###..... ...
#.......### ###### ...$#
#...)#### #####
......##...>### #....
#g........#######....


You could see 3 gnolls.

Vanquished Creatures
  The ghost of Query42 the Gusty, an amateur TeAE of Jiyva (D:3)
  2 adders
  An ooze (D:2)
  2 worms (D:3)
  A dart slug (D:1)
  4 leopard geckos
  10 bats
  4 giant cockroaches
  16 goblins
  5 hobgoblins
  5 jackals
  3 frilled lizards
  9 kobolds
  10 rats
73 creatures vanquished.

Notes
Turn   | Place    | Note
-------+----------+-------------------------------------------
     0 | D:1      | Atlas the Draconian Transmuter began the quest for the Orb.
     0 | D:1      | Reached XP level 1. HP: 16/16 MP: 3/3
   153 | D:1      | Reached XP level 2. HP: 22/23 MP: 5/5
   294 | D:1      | Reached XP level 3. HP: 21/28 MP: 6/6
   579 | D:1      | Reached skill level 4 in Unarmed Combat
   708 | D:1      | Learned a level 2 spell: Sticks to Snakes
   712 | D:1      | Learned a level 3 spell: Spider Form
  1330 | D:2      | Reached XP level 4. HP: 35/35 MP: 7/7
  1490 | D:2      | Found an ancient bone altar of Kikubaaqudgha.
  1895 | D:3      | Noticed Query42's ghost (amateur TeAE)
  1900 | D:3      | Killed Query42's ghost
  1900 | D:3      | Reached XP level 5. HP: 31/40 MP: 8/8
  2192 | D:3      | Reached skill level 5 in Unarmed Combat
  2202 | D:3      | HP: 2/40 [poisoned by an adder]
  2202 | D:3      | Slain by a gnoll

Vault maps used:
D:1:      eino_arrival_cavern_e, serial_bayou_lagoon_a
D:2:      kiku_gazebo_garden_becter

Skill      XL: |  1  2  3  4  5 |
---------------+----------------+-----
Dodging        | 2 3 |  3.1
Unarmed Combat | 4 5 |  5.0
Fighting       | |  1.1
Spellcasting   | |  2.0
Transmutations | |  2.4
Poison Magic   | |  0.2

Action                   |  1- 3 |  4- 6 || total
-------------------------+-------+-------++-------
Melee: Unarmed           |   186 |    70 ||   256
       Tailslap          |    12 |     4 ||    16
       Headbutt          |     1 |       ||     1
       Punch             |     3 |     1 ||     4
       Kick              |     6 |       ||     6
Throw: Tomahawk          |       |     7 ||     7
 Cast: Beastly Appendage |     9 |       ||     9
       Spider Form       |     1 |     3 ||     4
  Use: Potion            |       |     4 ||     4
 Stab: Sleeping          |     1 |       ||     1
  Eat: Chunk             |     2 |     3 ||     5
Armor: Skin              |    57 |    25 ||    82
Dodge: Dodged            |   136 |    58 ||   194

Table legend:
 A = Spawn XP
 B = Non-spawn XP
 C = Spawn XP percentage of total XP
 D = Spawn monster count
 E = Non-spawn monster count
 F = Spawn count percentage of total count
 G = Total turns spent on level
                    A         B        C        D         E        F      G
               +---------+---------+-------+---------+---------+-------+---------
         Total |       0 |     253 |   0.0 |       0 |      73 |   0.0 |  2202
               +---------+---------+-------+---------+---------+-------+---------
           D:1 |       0 |      61 |   0.0 |       0 |      34 |   0.0 |   910
           D:2 |       0 |      57 |   0.0 |       0 |      26 |   0.0 |   759
           D:3 |       0 |     135 |   0.0 |       0 |      13 |   0.0 |   533
               +---------+---------+-------+---------+---------+-------+---------
